 Dungeon Crawl Stone Soup version 0.32-a0-42-ga30500b4d3 (webtiles) character file.

Game seed: 16035180423177088502

1 Atlas the Digger (level 1, -1/13 HPs)
             Began as a Demonspawn Earth Elementalist on Jan 31, 2024.
             Slain by a gnoll
             ... wielding a +0 flail
              (10 damage)
             ... on level 1 of the Dungeon.
             The game lasted 00:00:08 (67 turns).

Atlas the Digger (Demonspawn Earth Elementalist)      Turns: 67, Time: 00:00:08

Health: -1/13      AC:  2    Str:  8    XL:     1   Next: 16%
Magic:  0/3        EV: 12    Int: 15    God:
Gold:   0          SH:  0    Dex: 13    Spells: 3/4 levels left

rFire   . . .        (no weapon)
rCold   . . .        (no shield)
rNeg    . . .        a - +0 robe
rPois   .            (no helmet)
rElec   .            (no cloak)
rCorr   .            (no gloves)
SInv    .            (no boots)
Will    .....        (no amulet)
Stlth   ++           (no ring)
HPRegen 0.22/turn    (no ring)
MPRegen 0.08/turn

%: no passive effects
@: no status effects
A: no striking features
a: no special abilities


You were on level 1 of the Dungeon.
You visited 1 branch of the dungeon, and saw 1 of its levels.

Inventory:

Armour
 a - a +0 robe (worn)
 c - a +0 helmet
Potions
 b - a potion of magic


   Skills:
 + Level 1.7 Dodging
 + Level 1.7 Stealth
 + Level 2.1 Spellcasting
 + Level 1.0 Conjurations
 + Level 2.6 Earth Magic


You had 3 spell levels left.
You knew the following spells:

 Your Spells              Type           Power      Damage    Failure   Level
a - Sandblast             Erth           18%        2d7       8%          1

Your spell library contained the following spells:

 Spells                   Type           Power      Damage    Failure   Level
 Passwall                 Erth           9%         N/A       22%         3
 Stone Arrow              Conj/Erth      14%        3d7       30%         3
 Brom's Barrelling Bould  Conj/Erth      7%         2d3       71%         4
 Petrify                  Alch/Erth      5%         N/A       77%         4


Dungeon Overview and Level Annotations

Branches:
Dungeon (1/15)

Altars:


Message History

You open the gate.
There is an open gate here.
Found a helmet.
An endoplasm and a gnoll come into view.
Found a scroll labelled FUSAUROORI and a grey potion.
The endoplasm quivers.
The gnoll shouts!
You hear a shout!
You see here a +0 helmet.
c - a +0 helmet A goblin comes into view.
It is wielding a +0 club.
The endoplasm freezes you.
You are frozen.
The endoplasm attacks as it pursues you!
The endoplasm hits you.
Casting: Sandblast (safe; 8% risk of failure)
Confirm with . or Enter, or press ? or * to list all spells.
Aiming: Sandblast (safe; 8% risk of failure)
Press: ? - help, Shift-Dir - straight line, f - endoplasm
Aim: an endoplasm (98% to hit)
The blast of sand hits the endoplasm!
You kill the endoplasm!
Unknown command.
Casting: Sandblast (safe; 8% risk of failure)
Confirm with . or Enter, or press ? or * to list all spells.
Aiming: Sandblast (safe; 8% risk of failure)
Press: ? - help, Shift-Dir - straight line, f - gnoll
Aim: a gnoll, wielding a +0 flail (83% to hit)
The blast of sand hits the gnoll.
The gnoll is moderately wounded.
Unknown command.
Casting: Sandblast (safe; 8% risk of failure)
Confirm with . or Enter, or press ? or * to list all spells.
Aiming: Sandblast (safe; 8% risk of failure)
Press: ? - help, Shift-Dir - straight line, f/p - gnoll
Aim: a gnoll, wielding a +0 flail (lightly wounded, 83% to hit)
The blast of sand hits the gnoll.
The gnoll is heavily wounded.
The gnoll hits you with a +0 flail!
Ouch! That really hurt!
You die...

#.#.#.#.....
######.#.#.#.....
.........#.?..!.
.........#....#
.......#....#
..........#####
...#########.#...........
.........@gg........####.#
######.######...........#
##.§.P.......######...#...
....P....P...... ####
..§≈§§.P.≈≈≈....
≈≈≈§§≈PP.≈≈≈≈≈≈≈
≈≈§≈§≈...≈≈≈≈≈≈≈
≈≈≈§##'''##≈≈≈≈≈
≈≈###.....###≈≈≈


You could see a gnoll and a goblin.

Vanquished Creatures
  An endoplasm (D:1)
1 creature vanquished.

Notes
Turn   | Place    | Note
-------+----------+-------------------------------------------
     0 | D:1      | Atlas the Demonspawn Earth Elementalist began the quest for
                  | the Orb.
     0 | D:1      | Reached XP level 1. HP: 13/13 MP: 3/3
    67 | D:1      | Slain by a gnoll

Illustrated notes

Levels and vault maps discovered:
D:1:      dpeg_arrival_water_fire, layout_basic, nicolae_figureground_sparkle

Action                     || total
---------------------------++-------
   Cast: Sandblast         ||     3
 Armour: Robe              ||     2

Table legend: (Time is in decaauts)
 A = Elapsed time spent in this place.
 B = Non-inter-level travel time spent in this place.
 C = Inter-level travel time spent in this place.
 D = Time resting spent in this place.
 E = Time spent auto-exploring this place.
 F = Levels seen in this place.
 G = Mean time per level.
                   A        B        C        D        E       F      G
               +--------+--------+--------+--------+--------+-----+--------+
         Total |     68 |     68 |      0 |      0 |     45 |   1 |   68.0 |
       Dungeon |     68 |     68 |      0 |      0 |     45 |   1 |   68.0 |
               +--------+--------+--------+--------+--------+-----+--------+

Top non-repeatable levels by time:
     D:1: 68 daAuts
